 Dungeon Crawl Stone Soup version 0.24.0-123-gd5b16e6ec5 (webtiles) character file.

Game seed: 3361905777853480094, levelgen mode: deterministic

24784 Joeren the Thaumaturge (level 13, -15/98 HPs)
             Began as a Gnoll Wizard on Nov 4, 2019.
             Was a High Priest of Okawaru.
             Demolished by a large slime creature (33 damage)
             ... in a Gauntlet on Dec 22, 2019.
             The game lasted 06:03:52 (21006 turns).

Joeren the Thaumaturge (Gnoll Wizard)              Turns: 21006, Time: 06:03:52

Health: -15/98     AC: 22    Str: 13    XL:     13   Next: 15%
Magic:  27/27      EV: 11    Int: 21    God:    Okawaru [*****.]
Gold:   1148       SH:  0    Dex: 18    Spells: 22/33 levels left

rFire    . . .     SeeInvis +   q - +2 rapier (freeze)
rCold    . . .     Gourm    .   (no shield)
rNeg     . . .     Faith    .   v - +4 chain mail {MR+}
rPois    .         Spirit   .   g - +1 helmet {SInv}
rElec    .         Reflect  .   R - +0 cloak {+Inv}
rCorr    .         Harm     .   Q - +1 pair of gloves
MR       ++...     NoTele   +   i - +0 pair of boots
Stlth    +.........             D - amulet of regeneration
HPRegen  0.66/turn              o - ring of protection from magic
MPRegen  0.20/turn              r - +3 ring of strength

@: no status effects
A: distributed training, fangs 1, strong nose
a: Heroism, Finesse, Renounce Religion, Evoke Invisibility


You were in a Gauntlet.
You worshipped Okawaru.
Okawaru was extremely pleased with you.
You were not hungry.

You visited 4 branches of the dungeon, and saw 19 of its levels.
You also visited: Gauntlet.

You collected 1829 gold pieces.
You spent 681 gold pieces at shops.

Inventory:

Hand Weapons
 a - a +2 dagger of protection
 b - a +0 halberd of flaming
 c - a +0 antimagic battleaxe
 q - a +2 rapier of freezing (weapon)
 w - a +4 quarterstaff
 I - a +2 quarterstaff of crushing
 O - a +3 long sword of freezing
 T - a +5 great sword
Missiles
 t - 32 boomerangs (quivered)
 K - 4 silver boomerangs
 L - 17 poisoned darts
 X - 6 silver javelins
Armour
 g - a +1 helmet of see invisible (worn)
 i - a +0 pair of boots (worn)
 v - a +4 chain mail of magic resistance (worn)
 x - a +2 leather armour of fire resistance
 J - the +0 ring mail of Ceohiom {*Drain +Blink rC+ Slay+2}
   (You found it on level 6 of the Dungeon)

   It affects your accuracy and damage with ranged weapons and melee attacks
   (+2).
   It protects you from cold.
   It lets you blink.
   It causes draining when unequipped.
 P - a +0 troll leather armour
 Q - a +1 pair of gloves (worn)
 R - a +0 cloak of invisibility (worn)
 S - the +3 leather armour of Ycsu {rElec}
   (You found it on level 10 of the Dungeon)

   It insulates you from electricity.
 Y - a +2 leather armour of poison resistance
Magical Staves
 U - an uncursed staff of earth
 W - an uncursed staff of conjuration
Jewellery
 e - the ring of Semotyxt {rF+ SInv Stlth+}
   (You found it in a Gauntlet)

   [ring of stealth]

   It protects you from fire.
   It lets you see invisible.
   It makes you more stealthy.
 m - an uncursed ring of ice
 o - a ring of protection from magic (left hand)
 r - a +3 ring of strength (right hand)
 D - an amulet of regeneration (around neck)
 E - a +3 ring of protection
 G - an uncursed ring of protection from cold
 Z - an uncursed ring of poison resistance
Wands
 j - a wand of digging (7)
 y - a wand of random effects (21)
 H - a wand of flame (5)
 N - a wand of scattershot (4)
Scrolls
 f - 2 scrolls of immolation {unknown}
 h - a scroll of enchant weapon {unknown}
 k - 4 scrolls of fear
 l - 5 scrolls of magic mapping
 n - 9 scrolls of remove curse
 s - 2 scrolls of fog
 A - 2 scrolls of teleportation
 B - a scroll of blinking
 M - 4 scrolls of amnesia
Potions
 p - 2 potions of might
 u - 4 potions of ambrosia
 z - a potion of berserk rage
 F - a potion of curing
 V - a potion of haste
Comestibles
 d - 15 rations


   Skills:
 + Level 7.9 Fighting
 + Level 7.9 Short Blades
 + Level 7.9 Long Blades
 + Level 7.9 Axes
 + Level 7.9 Maces & Flails
 + Level 7.9 Polearms
 + Level 7.9 Staves
 + Level 7.9 Slings
 + Level 7.9 Bows
 + Level 7.9 Crossbows
 + Level 7.9 Throwing
 + Level 7.9 Armour
 + Level 9.2 Dodging
 + Level 9.0 Stealth
 + Level 7.9 Shields
 + Level 7.9 Unarmed Combat
 + Level 10.6 Spellcasting
 + Level 6.9 Conjurations
 + Level 6.5 Hexes
 + Level 6.5 Charms
 + Level 6.9 Summonings
 + Level 6.5 Necromancy
 + Level 6.9 Translocations
 + Level 6.5 Transmutations
 + Level 6.5 Fire Magic
 + Level 6.5 Ice Magic
 + Level 6.5 Air Magic
 + Level 6.5 Earth Magic
 + Level 6.5 Poison Magic
 + Level 8.6 Invocations
 + Level 7.9 Evocations


You had 22 spell levels left.
You knew the following spells:

 Your Spells              Type           Power        Failure   Level  Hunger
a - Magic Dart            Conj           ####         7%          1    None
d - Conjure Flame         Conj/Fire      #####...     22%         3    None
f - Call Imp              Summ           #####...     11%         2    None
s - Mephitic Cloud        Conj/Pois/Air  #####...     22%         3    None
z - Blink                 Tloc           N/A          11%         2    None

Your spell library contained the following spells:

 Spells                   Type           Power        Failure   Level  Hunger
 Corona                   Hex            #####..      9%          1    None
 Ensorcelled Hibernation  Hex/Ice        #####.       12%         2    None
 Slow                     Hex            #####...     12%         2    None
 Dazzling Spray           Conj/Hex       #####.       22%         3    None
 Confuse                  Hex            #####...     24%         3    None
 Tukima's Dance           Hex            #####...     24%         3    None


Dungeon Overview and Level Annotations

Branches:
Dungeon (13/15)            Temple (1/1) D:5            Lair (3/6) D:11
  Swamp (0/4) Lair:2          Orc (2/2) D:11            Elf (0/3) Orc:2
Gauntlet (1/1)
  Snake: Lair:2-4    Spider: Lair:2-4    Vaults: D:13-14

Altars:
Ashenzari
Cheibriados
Dithmenos
Elyvilon
Fedhas
Gozag
Hepliaklqana
Kikubaaqudgha
Makhleb
Nemelex Xobeh
Okawaru
Qazlal
Ru
Sif Muna
Trog
Uskayaw
Vehumet
Wu Jian
Xom
Yredelemnul
Zin
The Shining One

Shops:
D:9 (   Orc:2 ([*=

Annotations:
D:4 4 runed translucent doors, exclusion: 2 downstairs, Crazy Yiuf; Cykl0x's ghost, novice FoFi; tonywhite87's ghost, amateur OpAs
D:5 2 transporters, Kagalorn's ghost, novice GnAE
D:11 !Gargoyle nxt lvl, 3 exclusions, Josephine
D:12 exclusion: downstairs
Orc:1 exclusion: downstairs Gauntlet 9 transporters, 2 runed translucent doors


Innate Abilities, Weirdness & Mutations

Your experience applies equally to all skills.
You have very sharp teeth.
Your uncanny sense of smell can sniff out nearby items.


Message History

Your crimson imp blinks!
You hit the large slime creature. You freeze the large slime creature.
You bite the large slime creature, but do no damage.
The large slime creature is almost dead.
The large slime creature hits you!
* * * LOW HITPOINT WARNING * * *
You barely miss the large slime creature.
The large slime creature is almost dead.
The large slime creature hits you but does no damage.
You puncture the large slime creature! You freeze the large slime creature.
The large slime creature is almost dead.
The large slime creature completely misses you.
Your crimson imp blinks!
You hit the large slime creature but do no damage.
You bite the large slime creature, but do no damage.
The large slime creature is almost dead.
You hit the large slime creature. You freeze the large slime creature.
The large slime creature is almost dead.
The large slime creature hits you!!
You die...

##≈.♣.........#©#©#.©.#.#©
#≈≈...#########.#.!..##.#.
##≈...#/[.....#.####.##.#.
##...#?#####J#.###..)..#.
..##..♣.#J#...JJ#.#########.
♣.#.....###§#####©#.......#.
..#.♣...#...#...###...♣P..#.
©.#.P...#.###.#.#...PP.PP.#.
..#.....#5J@..#©#..P#≈#≈#.#.
©.#.....#########.PP≈≈≈≈≈.#.
..#..∩............♣P#≈#≈#.#©
©.#.....#########..P≈≈≈≈≈.#.
..#.....#uGu....#...#≈#≈#.#.
©.#.P...#=###.#.#...PPP...#.
..#.♣P..#.###...###..P♣...#.
♣.#.....#©###©..#©#.......#.
..##..♣.#!...# #######.


You could see a great orb of eyes, 2 ugly things, a large slime creature, a
jelly and a friendly crimson imp.

Vanquished Creatures
  An orc warlord (Orc:2)
  A death ooze (Gauntlet)
  Harold (D:11)
  A hydra (Lair:1)
  Urug (Orc:1)
  3 orc high priests
  A wizard (Gauntlet)
  5 orc knights
  5 orc sorcerers
  An ugly thing (D:10)
  A spiny frog (Lair:1)
  A yaktaur (D:10)
  3 komodo dragons
  4 trolls
  Prince Ribbit (D:7)
  A slime creature (Gauntlet)
  A hippogriff (Lair:1)
  3 wraiths (D:11)
  A hungry ghost (D:7)
  2 wargs (Orc:1)
  3 swamp worms (Gauntlet)
  31 orc warriors
  2 black bears
  2 ice beasts
  2 phantoms
  3 sky beasts
  A necrophage (D:10)
  15 ogres
  A crocodile (Lair:1)
  9 centaurs
  2 big kobolds
  8 bullfrogs
  A wyvern zombie (D:8)
  6 scorpions
  Dowan (D:4)
  8 killer bees
  6 wights
  A howler monkey (D:9)
  3 crimson imps
  A bullfrog zombie (D:5)
  5 jellies
  6 quasits
  A bullfrog skeleton (D:11)
  3 hounds
  2 centaur skeletons
  18 orc priests
  4 iguanas
  32 orc wizards
  Ijyb (D:5)
  3 worker ants
  4 hound skeletons
  10 adders
  2 shadow imps (D:9)
  A white imp (Gauntlet)
  An ooze (D:4)
  9 worms
  3 dart slugs (D:3)
  6 leopard geckos
  96 orcs
  3 giant cockroaches
  11 goblins
  4 hobgoblins
  5 jackals
  15 kobolds
  5 quokkas
  6 bats
  7 frilled lizards
  A jackal skeleton (D:4)
  A leopard gecko skeleton (D:7)
  A quokka skeleton (D:6)
  4 rats
414 creatures vanquished.

Vanquished Creatures (collateral kills)
  Maurice (D:9)
  A basilisk (Lair:1)
  A warg (Orc:1)
  An orc warrior (Orc:1)
  Duvessa (D:4)
  2 ogres
  3 crimson imps
  An orc priest (Orc:1)
  An orc wizard (Orc:1)
  2 worker ants
  Robin (D:4)
  A worker ant zombie (D:9)
  A shadow imp (D:5)
  A worm (D:2)
  2 leopard geckos
  3 orcs (Orc:1)
  A goblin (D:4)
  A hobgoblin (D:2)
  A leopard gecko skeleton (D:4)
26 creatures vanquished.

Vanquished Creatures (others)
  A killer bee (D:9)
  2 withered plants (D:4)
3 creatures vanquished.

Grand Total: 443 creatures vanquished

Notes
Turn   | Place    | Note
-------+----------+-------------------------------------------
     0 | D:1      | Joeren the Gnoll Wizard began the quest for the Orb.
     0 | D:1      | Reached XP level 1. HP: 13/13 MP: 8/8
   814 | D:1      | Reached XP level 2. HP: 19/19 MP: 8/10
  1063 | D:1      | Learned a level 2 spell: Blink
  1066 | D:1      | Learned a level 2 spell: Call Imp
  1552 | D:2      | Reached XP level 3. HP: 19/25 MP: 4/11
  1640 | D:2      | Found an iron altar of Okawaru.
  1651 | D:2      | Became a worshipper of Warmaster Okawaru
  1901 | D:2      | Learned a level 3 spell: Mephitic Cloud
  1905 | D:2      | Learned a level 3 spell: Conjure Flame
  2248 | D:3      | Reached skill level 1 in Invocations
  2607 | D:5      | Entered Level 5 of the Dungeon
  2734 | D:3      | Upgraded the game from 0.24.0-10-g970556be89 to
                  | 0.24.0-13-gcf9b3192b9
  2760 | D:4      | Reached skill level 1 in Fighting
  2760 | D:4      | Reached skill level 1 in Short Blades
  2760 | D:4      | Reached skill level 1 in Long Blades
  2760 | D:4      | Reached skill level 1 in Axes
  2760 | D:4      | Reached skill level 1 in Maces & Flails
  2760 | D:4      | Reached skill level 1 in Polearms
  2760 | D:4      | Reached skill level 1 in Staves
  2760 | D:4      | Reached skill level 1 in Slings
  2760 | D:4      | Reached skill level 1 in Bows
  2760 | D:4      | Reached skill level 1 in Crossbows
  2760 | D:4      | Reached skill level 1 in Throwing
  2760 | D:4      | Reached skill level 1 in Armour
  2760 | D:4      | Reached skill level 1 in Shields
  2760 | D:4      | Reached skill level 1 in Unarmed Combat
  2760 | D:4      | Reached skill level 1 in Evocations
  2760 | D:4      | Reached XP level 4. HP: 32/32 MP: 13/13
  2913 | D:3      | Found a shimmering altar of Xom.
  3330 | D:4      | Noticed Robin
  3333 | D:4      | Reached skill level 1 in Hexes
  3333 | D:4      | Reached skill level 1 in Charms
  3333 | D:4      | Reached skill level 1 in Necromancy
  3333 | D:4      | Reached skill level 1 in Transmutations
  3333 | D:4      | Reached skill level 1 in Fire Magic
  3333 | D:4      | Reached skill level 1 in Ice Magic
  3333 | D:4      | Reached skill level 1 in Air Magic
  3333 | D:4      | Reached skill level 1 in Earth Magic
  3333 | D:4      | Reached skill level 1 in Poison Magic
  3339 | D:4      | Found a runed translucent gate.
  3339 | D:4      | Found a runed translucent gate.
  3468 | D:4      | Noticed Dowan
  3474 | D:4      | Noticed Duvessa
  3476 | D:4      | Killed Dowan
  3476 | D:4      | Reached XP level 5. HP: 37/37 MP: 3/14
  3983 | D:5      | Noticed Ijyb
  3990 | D:5      | Noticed an ice beast
  4001 | D:5      | Killed Ijyb
  4032 | D:5      | Noticed a phantom
  4063 | D:5      | Killed an ice beast
  4063 | D:5      | Reached * piety under Okawaru
  4063 | D:5      | Reached XP level 6. HP: 31/44 MP: 5/16
  4345 | D:5      | Killed a phantom
  4345 | D:5      | Reached skill level 5 in Dodging
  4345 | D:5      | Was placed under penance by Okawaru
  4576 | D:5      | Found a transporter.
  4576 | D:5      | Noticed Kagalorn's ghost (novice GnAE)
  4579 | D:5      | Found a transporter.
  4706 | D:3      | Reached XP level 7. HP: 50/50 MP: 4/18
  4836 | D:4      | Killed Robin
  5182 | D:4      | Found a burning altar of Makhleb.
  5182 | D:4      | Found a radiant altar of Vehumet.
  5241 | D:4      | Found a runed translucent door.
  5242 | D:4      | Noticed Crazy Yiuf
  5354 | D:4      | Killed Duvessa
  5354 | D:4      | Was forgiven by Okawaru
  5354 | D:4      | Reached skill level 5 in Stealth
  5523 | D:4      | Found a runed translucent gate.
  5525 | D:4      | Noticed tonywhite87's ghost (amateur OpAs)
  5525 | D:4      | Noticed Cykl0x's ghost (novice FoFi)
  5698 | D:4      | Found a sparkling altar of Nemelex Xobeh.
  6052 | D:5      | Reached XP level 8. HP: 52/57 MP: 5/19
  6493 | D:5      | Found a shattered altar of Ashenzari.
  6503 | D:5      | Found an ancient bone altar of Kikubaaqudgha.
  6584 | D:5      | Found a staircase to the Ecumenical Temple.
  6598 | Temple   | Entered the Ecumenical Temple
  7689 | D:6      | Got an ichor-stained ring mail
  7701 | D:6      | Identified the +0 ring mail of Ceohiom {*Drain +Blink rC+
                  | Slay+2} (You found it on level 6 of the Dungeon)
  7848 | D:6      | Found a hazy altar of Hepliaklqana.
  8067 | D:7      | Reached skill level 8 in Spellcasting
  8202 | D:7      | Noticed Prince Ribbit
  8299 | D:7      | Reached ** piety under Okawaru
  8310 | D:7      | Killed Prince Ribbit
  8310 | D:7      | Reached XP level 9. HP: 65/65 MP: 0/21
  8940 | D:7      | Reached *** piety under Okawaru
  9358 | D:8      | Reached skill level 5 in Invocations
 10003 | D:9      | Reached XP level 10. HP: 73/73 MP: 14/22
 10342 | D:9      | Reached skill level 5 in Fighting
 10342 | D:9      | Reached skill level 5 in Short Blades
 10342 | D:9      | Reached skill level 5 in Long Blades
 10342 | D:9      | Reached skill level 5 in Axes
 10342 | D:9      | Reached skill level 5 in Maces & Flails
 10342 | D:9      | Reached skill level 5 in Polearms
 10342 | D:9      | Reached skill level 5 in Staves
 10342 | D:9      | Reached skill level 5 in Slings
 10342 | D:9      | Reached skill level 5 in Bows
 10342 | D:9      | Reached skill level 5 in Crossbows
 10342 | D:9      | Reached skill level 5 in Throwing
 10342 | D:9      | Reached skill level 5 in Armour
 10342 | D:9      | Reached skill level 5 in Shields
 10342 | D:9      | Reached skill level 5 in Unarmed Combat
 10342 | D:9      | Reached skill level 5 in Evocations
 10567 | D:9      | Reached **** piety under Okawaru
 10569 | D:9      | Found Hurheronn's Weapon Boutique.
 10573 | D:9      | Found a bloodstained altar of Trog.
 10690 | D:10     | Entered Level 10 of the Dungeon
 10751 | D:9      | Noticed Maurice
 10762 | D:9      | Killed Maurice
 10800 | D:9      | Found a glowing silver altar of Zin.
 11235 | D:10     | Reached skill level 9 in Spellcasting
 11477 | D:10     | Reached skill level 5 in Conjurations
 11477 | D:10     | Reached skill level 5 in Summonings
 11477 | D:10     | Reached skill level 5 in Translocations
 12019 | D:10     | Noticed a white ugly thing
 12031 | D:10     | Killed a white ugly thing
 12031 | D:10     | Reached ***** piety under Okawaru
 12117 | D:10     | Upgraded the game from 0.24.0-13-gcf9b3192b9 to
                  | 0.24.0-28-g17ded55e90
 12286 | D:10     | Received a gift from Okawaru
 12286 | D:10     | Reached XP level 11. HP: 58/81 MP: 16/24
 12345 | D:10     | Got a smoking leather armour
 12396 | D:10     | Identified the +3 leather armour of Ycsu {rElec} (You found
                  | it on level 10 of the Dungeon)
 12610 | D:11     | Found a staircase to the Orcish Mines.
 12618 | Orc:1    | Entered Level 1 of the Orcish Mines
 12698 | D:11     | Noticed Harold
 12732 | D:11     | Killed Harold
 12946 | D:11     | Noticed Josephine
 13337 | D:11     | Found a staircase to the Lair.
 13365 | D:11     | Reached skill level 5 in Hexes
 13365 | D:11     | Reached skill level 5 in Charms
 13365 | D:11     | Reached skill level 5 in Necromancy
 13365 | D:11     | Reached skill level 5 in Transmutations
 13365 | D:11     | Reached skill level 5 in Fire Magic
 13365 | D:11     | Reached skill level 5 in Ice Magic
 13365 | D:11     | Reached skill level 5 in Air Magic
 13365 | D:11     | Reached skill level 5 in Earth Magic
 13365 | D:11     | Reached skill level 5 in Poison Magic
 14183 | D:13     | Noticed a centaur warrior
 14486 | D:12     | Noticed a green ugly thing
 14664 | Orc:2    | Entered Level 2 of the Orcish Mines
 14702 | Orc:1    | Noticed Urug
 14710 | Orc:1    | Noticed an orc knight
 14713 | Orc:1    | Killed Urug
 15273 | D:11     | Killed an orc knight
 16111 | Orc:2    | Found a staircase to the Elven Halls.
 16111 | Orc:2    | Noticed an orc knight
 16209 | Orc:1    | Killed an orc knight
 16403 | Orc:2    | Noticed an orc sorcerer
 16481 | Orc:1    | Killed an orc sorcerer
 16481 | Orc:1    | Received a gift from Okawaru
 16481 | Orc:1    | Reached XP level 12. HP: 44/89 MP: 20/25
 16747 | Orc:2    | Upgraded the game from 0.24.0-28-g17ded55e90 to
                  | 0.24.0-29-g8ce449bc06
 17087 | Orc:2    | Noticed an orc high priest
 17190 | Orc:1    | Reached skill level 10 in Spellcasting
 17248 | Orc:1    | Killed an orc high priest
 17353 | Orc:2    | Noticed an orc high priest
 17503 | Orc:1    | Upgraded the game from 0.24.0-29-g8ce449bc06 to
                  | 0.24.0-35-gdb84b6a5db
 17675 | Orc:1    | Killed an orc high priest
 17771 | Orc:1    | Paralysed by an orc sorcerer for 6 turns
 18054 | Orc:2    | Received a gift from Okawaru
 18230 | Orc:2    | Noticed an orc high priest
 18240 | Orc:2    | Killed an orc high priest
 18278 | Orc:2    | Noticed an orc warlord
 18585 | Orc:1    | Upgraded the game from 0.24.0-35-gdb84b6a5db to
                  | 0.24.0-123-gd5b16e6ec5
 18613 | Orc:2    | Killed an orc warlord
 19170 | Orc:2    | Found Enalucke's Antique Armour Boutique.
 19171 | Orc:2    | Found Irhijog's Antique Weapon Boutique.
 19173 | Orc:2    | Found Isussuzif's General Store.
 19173 | Orc:2    | Found Taodox's Jewellery Shop.
 19257 | Orc:2    | Bought a glowing rapier for 224 gold pieces
 19259 | Orc:2    | Bought a pair of embroidered gloves for 217 gold pieces
 19282 | Orc:2    | Bought an uncursed ring of poison resistance for 240 gold
                  | pieces
 19489 | Lair:1   | Entered Level 1 of the Lair of Beasts
 19787 | Lair:1   | Noticed a seven-headed hydra
 19966 | Lair:1   | Killed a two-headed hydra
 19966 | Lair:1   | Reached XP level 13. HP: 42/98 MP: 2/27
 20247 | Lair:2   | Found a staircase to the Swamp.
 20415 | Lair:3   | Found a gate leading to a gauntlet.
 20426 | Gauntlet | Entered a Gauntlet
 20426 | Gauntlet | Found a transporter.
 20437 | Gauntlet | Found a transporter.
 20456 | Gauntlet | Found a transporter.
 20457 | Gauntlet | Found a transporter.
 20473 | Gauntlet | Found a transporter.
 20488 | Gauntlet | Noticed a great orb of eyes
 20490 | Gauntlet | Found a transporter.
 20493 | Gauntlet | Found the ring of the Mage {Wiz MR++ Int+3}
 20497 | Gauntlet | Found a runed translucent door.
 20501 | Gauntlet | Found a transporter.
 20509 | Gauntlet | Found a runed translucent door.
 20510 | Gauntlet | Found a transporter.
 20511 | Gauntlet | Found a runed translucent door.
 20512 | Gauntlet | Noticed a death ooze
 20525 | Gauntlet | Found a transporter.
 20525 | Gauntlet | Found a transporter.
 20527 | Gauntlet | Found a transporter.
 20576 | Gauntlet | Found a transporter.
 20589 | Gauntlet | Found a transporter.
 20896 | Gauntlet | Got a fine bronze ring
 20897 | Gauntlet | Identified the ring of Semotyxt {rF+ SInv Stlth+} (You
                  | found it in a Gauntlet)
 20958 | Gauntlet | Found a transporter.
 20984 | Gauntlet | Killed a death ooze
 21006 | Gauntlet | Demolished by a large slime creature

Levels and vault maps discovered:
D:1:      psy_arrival_radial01, layout_basic, eino_curves_01
D:2:      layout_loops_ring, okawaru_trees_1
D:3:      layout_loops_ring, nicolae_overflow_crystal_walls, first_ration
D:4:      layout_loops_ring, grunt_temple_overflow_lords_of_destruction,
          nemelex_xobeh_ov_fountains_minmay, gammafunk_ghost_cemetery,
          nicolae_ossuary_entry_false_entrances, minmay_misc_feat_doors,
          uniq_duvessa, uniq_robin, uniq_crazy_yiuf_cottage
D:5:      layout_rooms, minitemple, temple_fountains, gammafunk_ghost_arena,
          uniq_ijyb
D:6:      layout_cave_pools, lemuel_coloured_pillars_altar,
          kennysheep_generic_room_10
D:7:      layout_rooms, uniq_prince_ribbit1
D:8:      layout_loops_ring
D:9:      layout_loops_ring, nicolae_overflow_hidden_temple, serial_glass,
          glass_columns_c, glass_columns_a, serial_shops, shop,
          trog_three_pillars_becter, uniq_maurice
D:10:     minmay_opposing_rooms, layout_loops_ring
D:11:     layout_gridville, lair_entry_dummy, orc_0_dummy, uniq_harold,
          uniq_josephine
D:12:     minmay_triangles_in_corner, layout_irregular_city, basic_altar
D:13:     layout_roguey, erik_vaults_1, serial_shops, shop, uniq_jorgrun
Temple:   dpeg_chambers_temple
Lair:1:   layout_chaotic_city, basic_altar, grunt_forest_stairs_basic,
          minmay_lair_oklob_items
Lair:2:   layout_layer_cave, skrybe_swamp_entry_bodies, grunt_megastairs_2
Lair:3:   layout_regular_city, minmay_snake_entry_guardpost_large,
          gauntlet_entry_generic
Orc:1:    layout_diamond_mine, uniq_urug
Orc:2:    st_orc_congregation, layout_diamond_mine
Gauntlet: minmay_gauntlet_77_tree [minmay_gauntlet_arena_77_two_lines,
          minmay_gauntlet_arena_77_p_blocks, minmay_gauntlet_arena_77_checkered,
          minmay_gauntlet_arena_77_cramped, minmay_gauntlet_arena_77_path,
          minmay_gauntlet_arena_77_block_sizes, minmay_gauntlet_arena_77_mirror,
          nicolae_gauntlet_exit_dead_adventurers]

Skill      XL: |  1  2  3  4  5  6  7  8  9 10 11 12 13 |
---------------+----------------------------------------+-----
Conjurations   | 2 3 4 5 6 |  6.9
Summonings     | 2 3 4 5 6 |  6.9
Translocations | 2 3 4 5 6 |  6.9
Invocations    | 1 2 3 4 5 6 7 8 |  8.6
Fighting       | 1 2 3 4 5 6 7 |  7.9
Short Blades   | 1 2 3 4 5 6 7 |  7.9
Long Blades    | 1 2 3 4 5 6 7 |  7.9
Axes           | 1 2 3 4 5 6 7 |  7.9
Maces & Flails | 1 2 3 4 5 6 7 |  7.9
Polearms       | 1 2 3 4 5 6 7 |  7.9
Staves         | 1 2 3 4 5 6 7 |  7.9
Slings         | 1 2 3 4 5 6 7 |  7.9
Bows           | 1 2 3 4 5 6 7 |  7.9
Crossbows      | 1 2 3 4 5 6 7 |  7.9
Throwing       | 1 2 3 4 5 6 7 |  7.9
Armour         | 1 2 3 4 5 6 7 |  7.9
Shields        | 1 2 3 4 5 6 7 |  7.9
Unarmed Combat | 1 2 3 4 5 6 7 |  7.9
Evocations     | 1 2 3 4 5 6 7 |  7.9
Hexes          | 1 2 3 4 5 6 |  6.5
Charms         | 1 2 3 4 5 6 |  6.5
Necromancy     | 1 2 3 4 5 6 |  6.5
Transmutations | 1 2 3 4 5 6 |  6.5
Fire Magic     | 1 2 3 4 5 6 |  6.5
Ice Magic      | 1 2 3 4 5 6 |  6.5
Air Magic      | 1 2 3 4 5 6 |  6.5
Earth Magic    | 1 2 3 4 5 6 |  6.5
Poison Magic   | 1 2 3 4 5 6 |  6.5
Dodging        | 5 6 7 8 9 |  9.2
Stealth        | 5 6 7 8 9 |  9.0
Spellcasting   | 8 9 10 | 10.6

Action                   |  1- 3 |  4- 6 |  7- 9 | 10-12 | 13-15 || total
-------------------------+-------+-------+-------+-------+-------++-------
Melee: Dagger            |    56 |   125 |   260 |    28 |     2 ||   471
       Bite              |     4 |    18 |    47 |    91 |    13 ||   173
       Punch             |       |     1 |     5 |    19 |     4 ||    29
       Halberd           |       |       |    14 |    23 |     2 ||    39
       Rapier            |       |       |    69 |   605 |    44 ||   718
       Long sword        |       |       |     5 |       |     4 ||     9
       Quarterstaff      |       |       |       |    30 |    13 ||    43
       Staff             |       |       |       |     6 |       ||     6
       Battleaxe         |       |       |       |     3 |       ||     3
 Fire: Hunting sling     |     3 |    32 |    14 |       |       ||    49
Throw: Stone             |     1 |       |       |       |       ||     1
       Boomerang         |       |     9 |    48 |    57 |       ||   114
       Javelin           |       |       |       |     1 |       ||     1
 Cast: Magic Dart        |    46 |    25 |    93 |   135 |       ||   299
       Call Imp          |     6 |    11 |    24 |    52 |     1 ||    94
       Mephitic Cloud    |     5 |    13 |    35 |   135 |     2 ||   190
       Conjure Flame     |     1 |    15 |    29 |    43 |     1 ||    89
       Blink             |       |     4 |     3 |    54 |     1 ||    62
Invok: Heroism           |       |       |     4 |    15 |     2 ||    21
       Finesse           |       |       |       |     2 |       ||     2
Evoke: Wand              |       |     7 |     1 |    12 |       ||    20
  Use: Scroll            |       |     6 |     3 |    13 |     2 ||    24
       Potion            |       |     3 |       |     6 |     1 ||    10
 Stab: Sleeping          |     4 |     2 |       |     3 |     1 ||    10
       Confused          |     2 |     8 |    11 |    83 |     1 ||   105
       Distracted        |     1 |       |     1 |     2 |       ||     4
       Paralysed         |       |       |     1 |       |       ||     1
  Eat: Chunk             |     6 |     3 |    11 |    21 |       ||    41
       Ration            |       |     1 |     4 |     3 |     1 ||     9
Armor: Robe              |     6 |    29 |       |       |       ||    35
       Skin              |       |    23 |       |       |       ||    23
       Leather armour    |       |       |    44 |    44 |       ||    88
       Ring mail         |       |       |    68 |   154 |       ||   222
       Chain mail        |       |       |       |       |    14 ||    14
Dodge: Dodged            |    28 |    79 |   235 |   608 |    19 ||   969
       Rpst.: Long sword |       |       |     2 |       |       ||     2
